 Dungeon Sprint DCSS version 0.19.1 (webtiles) character file.

20169 Groucho the Eviscerator (level 20, -3/91 HPs)
             Began as a Felid Berserker on Dec 21, 2016.
             Was the Champion of Trog.
             Slain by a vampiric halberd (20 damage)
             ... in the Dungeon (Sprint VI: "Thunderdome").
             The game lasted 00:29:41 (3222 turns).

Groucho the Eviscerator (Felid Berserker)           Turns: 3222, Time: 00:29:41

Health: -3/91      AC:  3    Str: 19 (20) XL:     20   Next: 55%
Magic:  42/42      EV: 35    Int: 14 (16) God:    Trog [******]
Gold:   123        SH:  3    Dex: 16      Spells: 0 memorised, 19 levels left
                                        Lives:  0   Deaths: 4

rFire  + + .     SeeInvis +       - Unarmed
rCold  + + .     Gourm    .     (armour unavailable)
rNeg   + . .     Faith    .     (shield unavailable)
rPois  .         Spirit   .     (helmet unavailable)
rElec  +         Reflect  +     (cloak unavailable)
rCorr  .         Harm     .     (gloves unavailable)
MR     +++..     NoTele   +     (boots unavailable)
Stlth  ++........               l - amulet "Kouhaafo" {Reflect rF+ MP+9 SH+3}
                                x - ring "Oduebuem" {rElec rF+ rN+ Int+4}
                                A - ring "Tadef" {rC+ Int+3}

@: lethally poisoned (-3 -> -67), quick
A: no armour, no weapons or thrown items, stealth, claws 1, fangs 3, horns 1,
see invisible, carnivore 3, deterioration 2, dopey 1, speed 1, frail 1, shaggy
fur 3, slow metabolism 1, no device heal 1, sharp paws
a: Berserk, Trog's Hand, Brothers in Arms, Burn Spellbooks, Renounce Religion
}: 3/15 runes: serpentine, gossamer, mossy


You were in the Dungeon.
You worshipped Trog.
Trog was exalted by your worship.
You were not hungry.

You visited 1 branch You collected 7490 gold pieces.
You spent 7367 gold pieces at shops.

Inventory:

Jewellery
 a - the ring of the Zebra {rF++ MP+9 Str+2 Stlth+}
   (You bought it in a shop in the Dungeon)

   [ring of magical power]

   It affects your strength (+2).
   It greatly protects you from fire.
   It affects your magic capacity (+9).
   It makes you more stealthy.
 l - the amulet "Kouhaafo" (around neck) {Reflect rF+ MP+9 SH+3}
   (You bought it in a shop in the Dungeon)

   [amulet of reflection]

   It shields you and reflects attacks.
   It protects you from fire.
   It affects your magic capacity (+9).
   It affects your SH (+3).
 o - the ring "Fastris" {Fire *Contam rN+ Str+5 Dex+3}
   (You bought it in a shop in the Dungeon)

   [ring of fire]

   It enhances your fire magic.
   It affects your strength (+5).
   It affects your dexterity (+3).
   It protects you from fire.
   It makes you vulnerable to cold.
   It protects you from negative energy.
   It causes magical contamination when unequipped.
 p - the amulet of Quarrel {+Rage Slay+3}
   (You bought it in a shop in the Dungeon)

   [amulet of rage]

   It affects your accuracy and damage with ranged weapons and melee attacks
   (+3).
   It lets you go berserk.
 r - the ring of Hyskoif {rF+ AC+1 Int+4}
   (You bought it in a shop in the Dungeon)

   [ring of protection]

   It affects your AC (+1).
   It affects your intelligence (+4).
   It protects you from fire.
 s - the ring of Ostaugg {rF+ rN+ Dex-5 SInv}
   (You bought it in a shop in the Dungeon)

   [ring of see invisible]

   It affects your dexterity (-5).
   It protects you from fire.
   It protects you from negative energy.
   It lets you see invisible.
 u - the amulet "Xuttauwn" {+Rage rPois MR- Dex+6}
   (You bought it in a shop in the Dungeon)

   [amulet of rage]

   It affects your dexterity (+6).
   It protects you from poison.
   It affects your resistance to hostile enchantments.
   It lets you go berserk.
 v - the ring of Miniss {MR+ Str+4 Dex+4}
   (You bought it in a shop in the Dungeon)

   [ring of protection from magic]

   It affects your strength (+4).
   It affects your dexterity (+4).
   It affects your resistance to hostile enchantments.
 w - the ring of Pejusame {rPois rC- Str+3 Slay+2 SInv}
   (You bought it in a shop in the Dungeon)

   [ring of slaying]

   It affects your strength (+3).
   It affects your accuracy and damage with ranged weapons and melee attacks
   (+2).
   It makes you vulnerable to cold.
   It protects you from poison.
   It lets you see invisible.
 x - the ring "Oduebuem" (right paw) {rElec rF+ rN+ Int+4}
   (You bought it in a shop in the Dungeon)

   [ring of positive energy]

   It affects your intelligence (+4).
   It protects you from fire.
   It insulates you from electricity.
   It protects you from negative energy.
 A - the ring "Tadef" (left paw) {rC+ Int+3}
   (You bought it in a shop in the Dungeon)

   [ring of protection from cold]

   It affects your intelligence (+3).
   It protects you from cold.
 C - the amulet of Hepliaklqana's Hatred {RegenMP rElec rF+ Int+2 Stlth-}
   (You bought it in a shop in the Dungeon)

   [amulet of magic regeneration]

   It increases your magic regeneration.
   It affects your intelligence (+2).
   It protects you from fire.
   It insulates you from electricity.
   It makes you less stealthy.
Wands
 h - a wand of acid (4/15)
 i - a wand of iceblast (1/15)
 n - a wand of paralysis (0/24)
Scrolls
 g - 4 scrolls of blinking
 j - 3 scrolls of fog
Potions
 b - 9 potions of curing
 c - 12 potions of heal wounds
 d - 6 potions of haste
 e - 2 potions of magic
 f - a potion of berserk rage
 k - a potion of resistance
 q - 6 potions of agility
Miscellaneous
 t - a phial of floods
 y - a quad damage
 z - a quad damage
Comestibles
 m - 6 royal jellies


   Skills:
 + Level 17.7 Fighting
 + Level 21.6 Dodging
 * Level 24.1 Unarmed Combat
 + Level 16.8 Evocations


You had 19 spell levels left.
You didn't know any spells.

Dungeon Overview and Level Annotations

Branches:
Dungeon (1/1)

Altars:
Cheibriados
Dithmenos
Fedhas
Gozag
Kikubaaqudgha
Makhleb
Okawaru
Qazlal
Ru
Sif Muna
Trog
Uskayaw
Vehumet
Xom
Yredelemnul
Zin
The Shining One
Beogh
Jiyva
Lugonu

Shops:
D [%??*?*:[((!!!


Innate Abilities, Weirdness & Mutations

You cannot wear armour.
You are incapable of wielding weapons or throwing items.
Your paws allow you to move quietly. (Stealth)
You have sharp claws.
You have razor-sharp teeth.
You have supernaturally acute eyesight. (SInv)
You are carnivorous and can eat meat at any time.
You cover ground quickly.
Your thick and shaggy fur keeps you warm. (AC +3, rC+)
You have a slow metabolism.
Your sharp claws are effective at attacking unaware monsters.
You have a pair of small horns on your head.
Your body often deteriorates upon taking damage.
You are dopey. (Int -2)
You are frail. (-10% HP)
Potions and wands are less effective at restoring your health.


Message History

The vampiric halberd completely misses you.
The halberd of venom hits you!
* * * LOW HITPOINT WARNING * * *
Your body deteriorates!
You feel weakened.
You are more poisoned.
Unknown command.
You scratch the halberd of venom but do no damage.
Your headbutt misses the halberd of venom.
The halberd of venom is severely damaged.
* * * LOW HITPOINT WARNING * * *
You feel very sick.
Unknown command.
Unknown command.
Evoke which item? (* to show all) (? for menu, Esc to quit)
Okay, then.
Your system partially rejects the healing.
You feel much better.
* * * LOW HITPOINT WARNING * * *
You feel very sick.
The vampiric halberd hits you from afar!!
You die...

#∩.......∩# #_......._#
#_..)...._# #_......._#
###.........###
#⌠.........(.§#
####.8.......[.8(######
___......###...((.___∩##
.....=.8.# #.8.(@.(...∩###
..[([[.[.###.............##
...(([###...###.)...(....⌠#
..((.(# #(<.# #.......(..⌠#
......###...###)...).....⌠#
....([...###((()...(.....##
.[...(.8.# #(8((...)..∩###
._...[(..###()((((_._∩##
####.8[......(.8(######


You could see 2 dancing weapons.

Vanquished Creatures
  6 ghouls (D)
  A wolf spider (D)
  An anaconda (D)
  5 yaktaur captains (D)
  3 dancing weapons (D)
  A sun demon (D)
  4 harpies (D)
  An orc sorcerer (D)
  4 orc knights (D)
  Psyche (D)
  A spiny frog (D)
  16 yaktaurs (D)
  A komodo dragon (D)
  2 jumping spiders (D)
  A hornet (D)
  2 bog bodies (D)
  A blink frog (D)
  7 tyrant leeches (D)
  Sigmund (D)
  4 fire elementals (D)
  6 fire bats (D)
  8 vampire mosquitoes (D)
  3 mottled dragons (D)
  7 hungry ghosts (D)
  8 neqoxecs (D)
  2 water moccasins (D)
  An orc warrior (D)
  3 necrophages (D)
  2 crocodiles (D)
  A bullfrog (D)
  An orc priest (D)
  2 orc wizards (D)
  A jelly (D)
  Jessica (D)
  Terence (D)
  A worker ant (D)
  2 adders (D)
  A worm (D)
  A leopard gecko (D)
  An orc (D)
  A bat skeleton (D)
  A hobgoblin (D)
  2 goblins (D)
  A quokka zombie (D)
121 creatures vanquished.

Vanquished Creatures (collateral kills)
  Agnes (D)
  2 yaktaurs (D)
  An orc warrior (D)
4 creatures vanquished.

Vanquished Creatures (others)
  A yaktaur (D)
1 creature vanquished.

Grand Total: 126 creatures vanquished

Notes
Turn   | Place    | Note
-------+----------+-------------------------------------------
     0 | D        | Groucho the Felid Berserker began the quest for the Orb.
     0 | D        | Reached XP level 1. HP: 10/10 MP: 2/2
     2 | D        | Found a basalt altar of Yredelemnul.
     2 | D        | Found a radiant altar of Vehumet.
     3 | D        | Found a blossoming altar of Fedhas.
     3 | D        | Found a deep blue altar of Sif Muna.
     4 | D        | Found an opulent altar of Gozag.
     4 | D        | Found a shadowy altar of Dithmenos.
     5 | D        | Found a bloodstained altar of Trog.
     5 | D        | Found a snail-covered altar of Cheibriados.
     5 | D        | Found Saniruat's Staff Store.
     5 | D        | Found Cukaqext's Magic Scroll Shop.
     6 | D        | Found Paprael's Must-Have Magic.
     6 | D        | Found Peteuh's Magic Scroll Shop.
     7 | D        | Round 1.
     9 | D        | Found a sacrificial altar of Ru.
    10 | D        | Found a glowing golden altar of the Shining One.
    16 | D        | Found a glowing silver altar of Zin.
    17 | D        | Found Ochiucer's Bee Food.
    18 | D        | Found Hipp's Jewellery.
    18 | D        | Found Riuhoen's Advanced Armour.
    18 | D        | Found a stormy altar of Qazlal.
    18 | D        | Found Aqiutal's Identification Station.
    26 | D        | Found a hide-covered altar of Uskayaw.
    34 | D        | Bought 3 scrolls of identify for 150 gold pieces
    41 | D        | Bought a scorched granite ring for 45 gold pieces
    41 | D        | Identified the ring of the Shining Light {Ice Stlth+} (You bought it in a shop in the Dungeon)
    77 | D        | Found a roughly hewn altar of Beogh.
    77 | D        | Found Koluev's Distillery.
    77 | D        | Found Buifud's Distillery.
    78 | D        | Found Nacsek's Bottled Wisdom.
    83 | D        | Found Laofra's Do-It-Yourself Clinic.
    83 | D        | Found an ancient bone altar of Kikubaaqudgha.
    83 | D        | Found a shimmering altar of Xom.
    87 | D        | Found a corrupted altar of Lugonu.
   100 | D        | Found a burning altar of Makhleb.
   100 | D        | Found a viscous altar of Jiyva.
   100 | D        | Found Azucvimn's Weapon Rack.
   100 | D        | Found Mutoo's Basic Armour.
   101 | D        | Found Toaz's Miscellaneous Merchandise.
   106 | D        | Found Ydweledu's Premium Goods.
   106 | D        | Found an iron altar of Okawaru.
   121 | D        | Noticed Jessica
   125 | D        | Noticed Sigmund
   125 | D        | Killed Jessica
   125 | D        | Reached ** piety under Trog
   125 | D        | Reached skill level 5 in Dodging
   125 | D        | Reached skill level 4 in Unarmed Combat
   125 | D        | Reached XP level 2. HP: 15/15 MP: 3/3
   135 | D        | Killed Sigmund
   135 | D        | Reached skill level 8 in Unarmed Combat
   135 | D        | Reached XP level 3. HP: 21/21 MP: 4/4
   135 | D        | Reached XP level 4. HP: 24/24 MP: 5/5
   135 | D        | Reached XP level 5. HP: 28/28 MP: 6/6
   167 | D        | Arena points: 12 (+12) [x2]
   255 | D        | Round 2.
   257 | D        | Noticed Terence
   267 | D        | Killed Terence
   267 | D        | Reached *** piety under Trog
   304 | D        | Reached **** piety under Trog
   333 | D        | Arena points: 48 (+36) [x3]
   352 | D        | Round 3.
   379 | D        | Reached skill level 9 in Unarmed Combat
   379 | D        | Gained mutation: You are covered in thick fur. (AC +2) [Felid growth]
   379 | D        | Reached XP level 6. HP: 9/33 MP: 7/7
   450 | D        | Noticed Psyche
   486 | D        | Killed Psyche
   486 | D        | Reached ***** piety under Trog
   486 | D        | Reached skill level 10 in Dodging
   486 | D        | Reached skill level 10 in Unarmed Combat
   486 | D        | Reached XP level 7. HP: 13/37 MP: 8/8
   506 | D        | Reached skill level 11 in Unarmed Combat
   562 | D        | Arena points: 66 (+18) [x1]
   581 | D        | Round 4.
   582 | D        | Noticed a fire bat
   617 | D        | Killed a fire bat
   660 | D        | Noticed a fire bat
   663 | D        | Noticed a fire elemental
   666 | D        | Killed a fire bat
   683 | D        | Killed a fire elemental
   683 | D        | Reached skill level 12 in Unarmed Combat
   695 | D        | Noticed a fire elemental
   696 | D        | Killed a fire elemental
   696 | D        | Reached skill level 1 in Evocations
   696 | D        | Reached XP level 8. HP: 30/43 MP: 8/10
   717 | D        | Arena points: 122 (+56) [x2]
   717 | D        | Reached skill level 10 in Fighting
   757 | D        | Bought a flickering lapis lazuli ring for 45 gold pieces
   757 | D        | Bought a smoking crystal amulet for 45 gold pieces
   758 | D        | Identified the amulet of Quarrel {+Rage Slay+3} (You bought it in a shop in the Dungeon)
   759 | D        | Identified the ring "Fastris" {Fire *Contam rN+ Str+5 Dex+3} (You bought it in a shop in the Dungeon)
   770 | D        | Bought a pitted emerald amulet for 45 gold pieces
   770 | D        | Bought a pitted bronze ring for 45 gold pieces
   772 | D        | Round 5.
   781 | D        | Noticed a giant anaconda
   795 | D        | Killed a giant anaconda
   795 | D        | Arena points: 282 (+160) [x4]
   795 | D        | Reached skill level 14 in Unarmed Combat
   795 | D        | Reached skill level 5 in Evocations
   795 | D        | Reached XP level 9. HP: 47/47 MP: 11/14
   796 | D        | Got a serpentine rune of Zot
   828 | D        | Reached skill level 15 in Unarmed Combat
   828 | D        | Reached XP level 10. HP: 51/52 MP: 15/15
   902 | D        | Bought 3 scrolls of identify for 150 gold pieces
   902 | D        | Identified the amulet "Kouhaafo" {Reflect rF+ MP+9 SH+3} (You bought it in a shop in the Dungeon)
   903 | D        | Identified the ring "Fapoco" {rF+ SInv} (You bought it in a shop in the Dungeon)
   912 | D        | Bought an ancient wooden ring for 45 gold pieces
   912 | D        | Identified the cursed ring of the Cuttlefish {rElec rF- rN+ Int-6 SInv} (You bought it in a shop in the Dungeon)
   980 | D        | Round 6.
  1021 | D        | Reached ****** piety under Trog
  1029 | D        | Reached skill level 16 in Unarmed Combat
  1050 | D        | Mangled by a tyrant leech
  1051 | D        | Reached XP level 9. HP: -12/73 MP: 15/15
  1058 | D        | Killed a tyrant leech
  1062 | D        | Killed a tyrant leech
  1062 | D        | Arena points: 552 (+270) [x5]
  1073 | D        | Bought 3 scrolls of identify for 150 gold pieces
  1081 | D        | Bought a fine golden ring for 45 gold pieces
  1081 | D        | Bought a bound silver ring for 45 gold pieces
  1081 | D        | Bought a glittering crystal amulet for 45 gold pieces
  1081 | D        | Identified the ring of Hyskoif {rF+ AC+1 Int+4} (You bought it in a shop in the Dungeon)
  1082 | D        | Identified the ring of Atheism {Str+2 Int+2} (You bought it in a shop in the Dungeon)
  1083 | D        | Identified the amulet "Xuttauwn" {+Rage rPois MR- Dex+6} (You bought it in a shop in the Dungeon)
  1094 | D        | Round 7.
  1121 | D        | Reached skill level 17 in Unarmed Combat
  1142 | D        | Reached skill level 15 in Dodging
  1144 | D        | Reached XP level 10. HP: 49/53 MP: 17/17
  1145 | D        | Noticed a sun demon
  1154 | D        | Killed a sun demon
  1170 | D        | Arena points: 930 (+378) [x6]
  1231 | D        | Round 8.
  1244 | D        | Gained mutation: You are dopey. (Int -2) [a neqoxec]
  1246 | D        | Gained mutation: Your body sometimes deteriorates upon taking damage. [a neqoxec]
  1247 | D        | Gained mutation: You have a pair of small horns on your head. [a neqoxec]
  1252 | D        | Reached skill level 18 in Unarmed Combat
  1253 | D        | Gained mutation: Potions and wands are less effective at restoring your health. [a neqoxec]
  1318 | D        | Gained mutation: You are frail. (-10% HP) [a neqoxec]
  1349 | D        | Arena points: 1434 (+504) [x7]
  1372 | D        | Bought a warped tin ring for 45 gold pieces
  1372 | D        | Bought a clouded platinum ring for 45 gold pieces
  1372 | D        | Bought a warped tin ring for 45 gold pieces
  1372 | D        | Bought a heavily runed granite ring for 45 gold pieces
  1372 | D        | Bought a fine ivory ring for 45 gold pieces
  1380 | D        | Bought 3 scrolls of identify for 150 gold pieces
  1381 | D        | Identified the ring of the Zebra {rF++ MP+9 Str+2 Stlth+} (You bought it in a shop in the Dungeon)
  1382 | D        | Identified the ring of Ostaugg {rF+ rN+ Dex-5 SInv} (You bought it in a shop in the Dungeon)
  1383 | D        | Identified the ring of Miniss {MR+ Str+4 Dex+4} (You bought it in a shop in the Dungeon)
  1385 | D        | Bought 3 scrolls of identify for 150 gold pieces
  1430 | D        | Bought 3 potions of heal wounds for 105 gold pieces
  1434 | D        | Identified the ring of Pejusame {rPois rC- Str+3 Slay+2 SInv} (You bought it in a shop in the Dungeon)
  1435 | D        | Identified the ring "Oduebuem" {rElec rF+ rN+ Int+4} (You bought it in a shop in the Dungeon)
  1438 | D        | Round 9.
  1528 | D        | Reached skill level 10 in Evocations
  1590 | D        | Noticed a spiny frog
  1594 | D        | Killed a spiny frog
  1637 | D        | Arena points: 2082 (+648) [x8]
  1667 | D        | Round 10.
  1677 | D        | Noticed a dire wolf spider
  1701 | D        | Killed a dire wolf spider
  1701 | D        | Arena points: 2982 (+900) [x10]
  1701 | D        | Reached skill level 19 in Unarmed Combat
  1701 | D        | Reached XP level 11. HP: 24/52 MP: 18/20
  1702 | D        | Got a gossamer rune of Zot
  1720 | D        | Bought 3 scrolls of identify for 150 gold pieces
  1752 | D        | Bought 3 royal jellies for 24 gold pieces
  1752 | D        | Bought 3 royal jellies for 24 gold pieces
  1797 | D        | Bought 3 potions of experience for 900 gold pieces
  1797 | D        | Gained mutation: Your thick and shaggy fur keeps you warm. (AC +3, rC+) [Felid growth]
  1797 | D        | Reached XP level 12. HP: 56/56 MP: 21/21
  1798 | D        | Reached XP level 13. HP: 59/59 MP: 22/22
  1799 | D        | Reached XP level 14. HP: 63/63 MP: 23/23
  1800 | D        | Reached XP level 15. HP: 67/67 MP: 24/24
  1894 | D        | Round 11.
  1969 | D        | Reached skill level 20 in Unarmed Combat
  1992 | D        | Arena points: 4434 (+1452) [x11]
  2012 | D        | Bought a potion of experience for 300 gold pieces
  2012 | D        | Reached XP level 16. HP: 72/72 MP: 26/26
  2043 | D        | Round 12.
  2044 | D        | Bought a faintly glowing wooden ring for 45 gold pieces
  2044 | D        | Bought a sparkling silver ring for 45 gold pieces
  2044 | D        | Bought a scorched diamond amulet for 45 gold pieces
  2044 | D        | Identified the cursed ring "Wuxacuhu" {Str+2 Dex-4} (You bought it in a shop in the Dungeon)
  2045 | D        | Identified the ring "Tadef" {rC+ Int+3} (You bought it in a shop in the Dungeon)
  2046 | D        | Identified the amulet of Hepliaklqana's Hatred {RegenMP rElec rF+ Int+2 Stlth-} (You bought it in a shop in the Dungeon)
  2099 | D        | Gained mutation: Your body often deteriorates upon taking damage. [mutagenic glow]
  2111 | D        | Slain by a ghoul
  2112 | D        | Reached XP level 15. HP: -2/68 MP: 25/25
  2133 | D        | Reached skill level 15 in Fighting
  2133 | D        | Reached skill level 21 in Unarmed Combat
  2219 | D        | Arena points: 6162 (+1728) [x12]
  2235 | D        | Bought 2 potions of experience for 600 gold pieces
  2235 | D        | Reached XP level 16. HP: 72/72 MP: 27/27
  2236 | D        | Reached XP level 17. HP: 76/76 MP: 28/28
  2258 | D        | Round 13.
  2309 | D        | Reached skill level 22 in Unarmed Combat
  2350 | D        | Arena points: 8021 (+1859) [x13]
  2364 | D        | Bought 3 royal jellies for 24 gold pieces
  2364 | D        | Bought 3 royal jellies for 24 gold pieces
  2387 | D        | Round 14.
  2394 | D        | Bought a potion of experience for 300 gold pieces
  2394 | D        | Reached XP level 18. HP: 40/81 MP: 28/30
  2397 | D        | Bought 3 potions of heal wounds for 105 gold pieces
  2397 | D        | Bought 3 potions of heal wounds for 105 gold pieces
  2397 | D        | Bought 3 potions of heal wounds for 105 gold pieces
  2397 | D        | Bought 3 potions of heal wounds for 105 gold pieces
  2539 | D        | Arena points: 9981 (+1960) [x14]
  2614 | D        | Round 15.
  2630 | D        | Noticed Agnes
  2642 | D        | Killed Agnes
  2642 | D        | Arena points: 12621 (+2640) [x16]
  2642 | D        | Reached skill level 15 in Evocations
  2643 | D        | Got a mossy rune of Zot
  2644 | D        | Reached XP level 19. HP: 58/85 MP: 31/31
  2708 | D        | Bought 3 potions of experience for 900 gold pieces
  2708 | D        | Reached XP level 20. HP: 89/89 MP: 32/32
  2709 | D        | Reached skill level 23 in Unarmed Combat
  2709 | D        | Reached XP level 21. HP: 92/92 MP: 33/33
  2710 | D        | Reached XP level 22. HP: 97/97 MP: 34/34
  2850 | D        | Round 16.
  2896 | D        | Shot with a bolt by a yaktaur
  2897 | D        | Reached XP level 21. HP: -5/93 MP: 42/42
  2910 | D        | Arena points: 15885 (+3264) [x17]
  2921 | D        | Bought 3 potions of heal wounds for 105 gold pieces
  2921 | D        | Bought 3 potions of heal wounds for 105 gold pieces
  2921 | D        | Bought 3 potions of heal wounds for 105 gold pieces
  2921 | D        | Bought 3 potions of heal wounds for 105 gold pieces
  2921 | D        | Bought 4 potions of curing for 84 gold pieces
  2921 | D        | Bought 4 potions of curing for 84 gold pieces
  2921 | D        | Bought 3 potions of heal wounds for 105 gold pieces
  2921 | D        | Bought 3 potions of heal wounds for 105 gold pieces
  2921 | D        | Bought 3 potions of heal wounds for 105 gold pieces
  2929 | D        | Bought 6 potions of agility for 168 gold pieces
  2929 | D        | Bought 3 potions of haste for 210 gold pieces
  2951 | D        | Round 17.
  3118 | D        | Shot with a bolt by a yaktaur
  3119 | D        | Reached XP level 20. HP: -16/90 MP: 42/42
  3129 | D        | Arena points: 20169 (+4284) [x18]
  3158 | D        | Round 18.
  3175 | D        | HP: 3/90 [halberd of chopping (4)]
  3176 | D        | Bought a quad damage for 400 gold pieces
  3176 | D        | Bought a quad damage for 400 gold pieces
  3184 | D        | Reached skill level 24 in Unarmed Combat
  3221 | D        | HP: 4/91 [poisoned by a halberd of venom]
  3222 | D        | Slain by a vampiric halberd

Skill      XL: |  1  2  3  4  5  6  7  8  9 10 11 12 13 14 15 16 17 18 19 20 21 22 |
---------------+-------------------------------------------------------------------+-----
Fighting       | 4 6 7 8 9 10 12 13 15 16 17 | 17.7
Dodging        | 5 8 9 10 12 13 15 16 17 19 18 20 21 | 21.6
Unarmed Combat | 4 8 9 10 12 14 17 19 21 22 24 | 24.1
Evocations     | 1 5 8 10 11 14 15 16 | 16.8

Action                   |  1- 3 |  4- 6 |  7- 9 | 10-12 | 13-15 | 16-18 | 19-21 | 22-24 || total
-------------------------+-------+-------+-------+-------+-------+-------+-------+-------++-------
Melee: Unarmed           |     9 |    46 |    51 |    85 |    78 |    74 |    65 |    12 ||   420
       Bite              |     2 |     4 |     5 |    16 |    14 |     8 |     8 |     3 ||    60
       Punch             |       |     4 |     6 |     9 |    12 |     8 |     6 |     3 ||    48
       Headbutt          |       |       |       |    15 |    22 |    15 |    19 |     3 ||    74
Invok: Trog's Hand       |     1 |       |     5 |     7 |     2 |     3 |     4 |     1 ||    23
       Berserk           |     1 |       |     5 |     5 |     1 |     1 |     2 |     1 ||    16
       Brothers in Arms  |       |       |       |       |       |     3 |       |     1 ||     4
Evoke: Wand              |       |       |     4 |    10 |       |       |       |       ||    14
  Use: Scroll            |     1 |       |     5 |     8 |       |     4 |       |       ||    18
       Potion            |       |     1 |     2 |     2 |     5 |     9 |    21 |     2 ||    42
 Stab: Paralysed         |       |       |       |     4 |       |       |       |       ||     4
       Distracted        |       |       |       |     1 |       |       |       |       ||     1
  Eat: Chunk             |       |     4 |     2 |     2 |       |       |     2 |       ||    10
       Meat ration       |       |       |       |     1 |       |       |       |       ||     1
       Royal jelly       |       |       |       |     5 |       |     1 |       |       ||     6
Armor: Skin              |     2 |     1 |     4 |     1 |     1 |       |       |       ||     9
Dodge: Dodged            |     5 |    35 |    79 |    82 |    92 |   108 |    66 |    28 ||   495
Block: Other             |       |       |       |       |       |       |     5 |     6 ||    11
       Reflection        |       |       |       |       |       |       |     2 |     4 ||     6
